SL
PANAMA CITY PIRANHAS @ HOUSTON 1837 BBC
08/01/2022
 
TOP OF THE 1ST
Panama City Piranhas batting - Pitching for Houston 1837 BBC : RHP Dave Goode
Pitching: RHP Dave Goode
Batting: RHB Jeff Bass 0-0: Ground out 1-3 (Groundball, 23)
Batting: RHB Brad Perry 0-0: Called Strike
0-1: Foul Ball, location: 2F
0-2: Reached on error, E1 (Groundball, 13)
Batting: SHB Marc Talamante 0-0: Foul Ball, location: 2F
0-1: Ball
1-1: Called Strike
1-2: Ball
2-2: SINGLE (Flyball, 7LM)
Brad Perry to second
Batting: LHB Steve Cunningham 0-0: Ball
1-0: SINGLE (Groundball, 5D)
Brad Perry to third
Marc Talamante to second
Runner from 3rd tries for Home, SAFE, throw made at trailing runner, SAFE at third!
Batting: LHB Francisco Sánchez 0-0: Foul Ball, location: 2F
0-1: Ball
1-1: Called Strike
1-2: Ball
2-2: Ball
3-2: Foul Ball, location: 2F
3-2: Base on Balls
Steve Cunningham to second
Batting: RHB Guillermo Montoya 0-0: Ball
1-0: Ball
2-0: Ball
3-0: Called Strike
3-1: Base on Balls
Marc Talamante scores
Steve Cunningham to third
Francisco Sánchez to second
Batting: RHB Kyle Taylor 0-0: Ball
1-0: Called Strike
1-1: Foul Ball, location: 2F
1-2: Ball
2-2: Strikes out looking
Batting: LHB Herman Hayes 0-0: Called Strike
0-1: Ball
1-1: Swinging Strike
1-2: Fly out, F6 (Popup, 6)
Top of the 1st over - 2 run(s), 2 hit(s), 1 error(s), 3 left on base; Panama City 2 - Houston 0
BOTTOM OF THE 1ST
Houston 1837 BBC batting - Pitching for Panama City Piranhas : LHP Pedro Alejándrez
Pitching: LHP Pedro Alejándrez
Batting: RHB Tracy Parker 0-0: Ball
1-0: Ball
2-0: Swinging Strike
2-1: Foul Ball, location: 2F
2-2: Foul Ball, location: 2F
2-2: Ball
3-2: Base on Balls
Batting: RHB Kumanosuke Abe 0-0: Ball
1-0: Ball
Tracy Parker is caught stealing 2nd base
2-0: Ball
3-0: Called Strike
3-1: TRIPLE (Line Drive, 8LD)
Batting: LHB Chris Rice 0-0: Ball
1-0: Called Strike
1-1: Ball
2-1: Foul Ball, location: 2F
2-2: Foul Ball, location: 2F
2-2: Foul Ball, location: 2F
2-2: Strikes out swinging
Batting: RHB Bob Dickerson 0-0: Foul Ball, location: 2F
0-1: Foul Ball, location: 2F
0-2: Ball
1-2: Ball
2-2: Foul Ball, location: 2F
2-2: Fly out, F3 (Popup, 3F)
Bottom of the 1st over - 0 run(s), 1 hit(s), 0 error(s), 1 left on base; Panama City 2 - Houston 0
TOP OF THE 2ND
Panama City Piranhas batting - Pitching for Houston 1837 BBC : RHP Dave Goode
Batting: LHB Ye Der 0-0: Fly out, F3 (Popup, 34S)
Batting: RHB Jeff Bass 0-0: Ball
1-0: Ball
2-0: Ball
3-0: Called Strike
3-1: Foul Ball, location: 2F
3-2: Base on Balls
Batting: RHB Brad Perry 0-0: Swinging Strike
0-1: DOUBLE (Flyball, 8LXD)
Jeff Bass to third
Batting: SHB Marc Talamante 0-0: Called Strike
0-1: Ball
1-1: Swinging Strike
1-2: Foul Ball, location: 2F
1-2: Fly out, F8 (Flyball, 8RM)
Batting: LHB Steve Cunningham 0-0: Called Strike
0-1: Ball
1-1: Foul Ball, location: 2F
1-2: Strikes out looking
Top of the 2nd over - 0 run(s), 1 hit(s), 0 error(s), 2 left on base; Panama City 2 - Houston 0
BOTTOM OF THE 2ND
Houston 1837 BBC batting - Pitching for Panama City Piranhas : LHP Pedro Alejándrez
Batting: RHB Steve Hinkle 0-0: Foul Ball, location: 2F
0-1: Ball
1-1: Ball
2-1: TRIPLE (Flyball, 8RXD)
Batting: LHB José Marín 0-0: Ball
1-0: Fly out, F8 (Flyball, 8LD)
Runner from 3rd tags up, SCORES, no throw
Batting: RHB Rob Warner 0-0: Foul Ball, location: 2F
0-1: Ball
1-1: SOLO HOME RUN (Flyball, 9D), Distance : 391 ft
Batting: LHB Jack Robbins 0-0: Foul Ball, location: 2F
0-1: SINGLE (Line Drive, 89S)
Batting: LHB Mark McClear 0-0: Ball
1-0: Called Strike
1-1: Called Strike
1-2: Ball
2-2: Strikes out swinging
Batting: RHB Tracy Parker 0-0: Ball
1-0: Ball
2-0: Ground out 6-3 (Groundball, 6)
Bottom of the 2nd over - 2 run(s), 3 hit(s), 0 error(s), 1 left on base; Panama City 2 - Houston 2
TOP OF THE 3RD
Panama City Piranhas batting - Pitching for Houston 1837 BBC : RHP Dave Goode
Batting: LHB Francisco Sánchez 0-0: Ball
1-0: Foul Ball, location: 2F
1-1: Called Strike
1-2: Fly out, F7 (Popup, 7S)
Batting: RHB Guillermo Montoya 0-0: Fly out, F8 (Flyball, 89M)
Batting: RHB Kyle Taylor 0-0: Swinging Strike
0-1: Ball
1-1: Ground out 6-3 (Groundball, 6M)
Top of the 3rd over - 0 run(s), 0 hit(s), 0 error(s), 0 left on base; Panama City 2 - Houston 2
BOTTOM OF THE 3RD
Houston 1837 BBC batting - Pitching for Panama City Piranhas : LHP Pedro Alejándrez
Batting: RHB Kumanosuke Abe 0-0: Called Strike
0-1: Ball
1-1: Foul Ball, location: 2F
1-2: Ball
2-2: Strikes out looking
Batting: LHB Chris Rice 0-0: Foul Ball, location: 2F
0-1: Ball
1-1: Foul Ball, location: 2F
1-2: Ball
2-2: Ball
3-2: Foul Ball, location: 2F
3-2: Foul Ball, location: 2F
3-2: Strikes out looking
Batting: RHB Bob Dickerson 0-0: Foul Ball, location: 2F
0-1: Called Strike
0-2: Ball
1-2: Foul Ball, location: 2F
1-2: Ball
2-2: Ground out 3-1 (Groundball, 34)
Bottom of the 3rd over - 0 run(s), 0 hit(s), 0 error(s), 0 left on base; Panama City 2 - Houston 2
TOP OF THE 4TH
Panama City Piranhas batting - Pitching for Houston 1837 BBC : RHP Dave Goode
Batting: LHB Herman Hayes 0-0: Ball
1-0: Foul Ball, location: 2F
1-1: Foul Ball, location: 2F
1-2: Foul Ball, location: 2F
1-2: Foul Ball, location: 2F
1-2: Fly out, F8 (Flyball, 8LM)
Batting: LHB Ye Der 0-0: Ball
1-0: Called Strike
1-1: SINGLE (Flyball, 89S)
Batting: RHB Jeff Bass 0-0: Ball
1-0: Ground out 6-3 (Groundball, 6MS)
Ye Der to second
Batting: RHB Brad Perry 0-0: Foul Ball, location: 2F
0-1: Ball
1-1: Foul Ball, location: 2F
1-2: Ball
2-2: Foul Ball, location: 2F
2-2: Ball
3-2: SINGLE (Line Drive, 89S)
Ye Der to third
Ye Der scores
Batting: SHB Marc Talamante 0-0: Ball
1-0: Ground out U3 (Groundball, 3S)
Top of the 4th over - 1 run(s), 2 hit(s), 0 error(s), 1 left on base; Panama City 3 - Houston 2
BOTTOM OF THE 4TH
Houston 1837 BBC batting - Pitching for Panama City Piranhas : LHP Pedro Alejándrez
Batting: RHB Steve Hinkle 0-0: Ball
1-0: Called Strike
1-1: Called Strike
1-2: Ball
2-2: Foul Ball, location: 2F
2-2: Ball
3-2: Strikes out swinging
Batting: LHB José Marín 0-0: Ball
1-0: Foul Ball, location: 2F
1-1: Foul Ball, location: 2F
1-2: Ball
2-2: Ball
3-2: Foul Ball, location: 2F
3-2: Foul Ball, location: 2F
3-2: Fly out, F7 (Flyball, 7M)
Batting: RHB Rob Warner 0-0: Foul Ball, location: 2F
0-1: Ball
1-1: Foul Ball, location: 2F
1-2: Foul Ball, location: 2F
1-2: Ball
2-2: Ball
3-2: Strikes out swinging
Bottom of the 4th over - 0 run(s), 0 hit(s), 0 error(s), 0 left on base; Panama City 3 - Houston 2
TOP OF THE 5TH
Panama City Piranhas batting - Pitching for Houston 1837 BBC : RHP Dave Goode
Batting: LHB Steve Cunningham 0-0: Ball
1-0: Ball
2-0: Called Strike
2-1: Swinging Strike
2-2: Foul Ball, location: 2F
2-2: Strikes out swinging
Batting: LHB Francisco Sánchez 0-0: Foul Ball, location: 2F
0-1: Foul Ball, location: 2F
0-2: Ball
1-2: Ball
2-2: Ground out 1-3 (Groundball, 15)
Batting: RHB Guillermo Montoya 0-0: Foul Ball, location: 2F
0-1: Ball
1-1: Called Strike
1-2: Foul Ball, location: 2F
1-2: Ground out 5-3 (Groundball, 5)
Top of the 5th over - 0 run(s), 0 hit(s), 0 error(s), 0 left on base; Panama City 3 - Houston 2
BOTTOM OF THE 5TH
Houston 1837 BBC batting - Pitching for Panama City Piranhas : LHP Pedro Alejándrez
Batting: LHB Jack Robbins 0-0: Ball
1-0: Fly out, F7 (Flyball, 7D)
Pitching: RHP Gunner Hardy
Batting: LHB Mark McClear 0-0: Called Strike
0-1: Foul Ball, location: 2F
0-2: Ball
1-2: Foul Ball, location: 2F
1-2: Strikes out looking
Batting: RHB Tracy Parker 0-0: Ball
1-0: Ball
2-0: Ground out 4-3 (Groundball, 4)
Bottom of the 5th over - 0 run(s), 0 hit(s), 0 error(s), 0 left on base; Panama City 3 - Houston 2
TOP OF THE 6TH
Panama City Piranhas batting - Pitching for Houston 1837 BBC : RHP Dave Goode
Batting: RHB Kyle Taylor 0-0: Ball
1-0: Called Strike
1-1: Foul Ball, location: 2F
1-2: Foul Ball, location: 2F
1-2: Ball
2-2: Ball
3-2: Foul Ball, location: 2F
3-2: Foul Ball, location: 2F
3-2: Base on Balls
Pitching: RHP Francisco Valdés
Batting: LHB Herman Hayes 0-0: Called Strike
0-1: Swinging Strike
0-2: Foul Ball, location: 2F
0-2: Strikes out swinging
Batting: LHB Ye Der 0-0: Ball
1-0: Called Strike
1-1: Fly out, F9 (Flyball, 89M)
Batting: RHB Jeff Bass 0-0: Called Strike
0-1: Ball
1-1: Ground out 5-3 (Groundball, 56S)
Top of the 6th over - 0 run(s), 0 hit(s), 0 error(s), 1 left on base; Panama City 3 - Houston 2
BOTTOM OF THE 6TH
Houston 1837 BBC batting - Pitching for Panama City Piranhas : RHP Gunner Hardy
Batting: RHB Kumanosuke Abe 0-0: Ball
1-0: Called Strike
1-1: Ball
2-1: Fly out, F3 (Popup, 3F)
Batting: LHB Chris Rice 0-0: Called Strike
0-1: Ball
1-1: Foul Ball, location: 2F
1-2: Strikes out swinging
Batting: RHB Bob Dickerson 0-0: Ball
1-0: Foul Ball, location: 2F
1-1: Swinging Strike
1-2: Foul Ball, location: 2F
1-2: Foul Ball, location: 2F
1-2: Ball
2-2: Strikes out looking
Bottom of the 6th over - 0 run(s), 0 hit(s), 0 error(s), 0 left on base; Panama City 3 - Houston 2
TOP OF THE 7TH
Panama City Piranhas batting - Pitching for Houston 1837 BBC : RHP Francisco Valdés
Batting: RHB Brad Perry 0-0: Ball
1-0: Ball
2-0: Called Strike
2-1: Foul Ball, location: 2F
2-2: Foul Ball, location: 2F
2-2: Strikes out swinging
Batting: SHB Marc Talamante 0-0: Ball
1-0: Called Strike
1-1: Called Strike
1-2: Strikes out swinging, 2-3 out at first.
Batting: LHB Steve Cunningham 0-0: Ball
1-0: Foul Ball, location: 2F
1-1: Ground out 4-3 (Groundball, 4)
Top of the 7th over - 0 run(s), 0 hit(s), 0 error(s), 0 left on base; Panama City 3 - Houston 2
BOTTOM OF THE 7TH
Houston 1837 BBC batting - Pitching for Panama City Piranhas : RHP Gunner Hardy
Batting: RHB Steve Hinkle 0-0: Called Strike
0-1: Swinging Strike
0-2: Ground out 5-3 (Groundball, 56)
Batting: LHB José Marín 0-0: Ball
1-0: Ball
2-0: Ground out 5-3 (Groundball, 6S)
Batting: RHB Rob Warner 0-0: Ball
1-0: Ball
2-0: Foul Ball, location: 2F
2-1: Ball
3-1: Base on Balls
Pitching: RHP Paco Vélez
Batting: LHB Jack Robbins 0-0: Swinging Strike
0-1: Swinging Strike
0-2: Ball
1-2: Ball
2-2: Fly out, F5 (Popup, 5SF)
Bottom of the 7th over - 0 run(s), 0 hit(s), 0 error(s), 1 left on base; Panama City 3 - Houston 2
TOP OF THE 8TH
Panama City Piranhas batting - Pitching for Houston 1837 BBC : RHP Francisco Valdés
Batting: LHB Francisco Sánchez 0-0: Ball
1-0: Ball
2-0: Foul Ball, location: 2F
2-1: Ground out 4-3 (Groundball, 4)
Batting: RHB Guillermo Montoya 0-0: Ball
1-0: Swinging Strike
1-1: SINGLE (Groundball, 5L) (infield hit)
Batting: RHB Kyle Taylor 0-0: Ball
1-0: Ball
2-0: Ball
3-0: Called Strike
3-1: Swinging Strike
3-2: Foul Ball, location: 2F
3-2: Foul Ball, location: 2F
3-2: Foul Ball, location: 2F
3-2: Strikes out swinging
Guillermo Montoya steals 2nd base
Batter strikes out.
Batting: LHB Herman Hayes 0-0: Called Strike
0-1: Swinging Strike
0-2: Ball
1-2: Strikes out swinging
Top of the 8th over - 0 run(s), 1 hit(s), 0 error(s), 1 left on base; Panama City 3 - Houston 2
BOTTOM OF THE 8TH
Houston 1837 BBC batting - Pitching for Panama City Piranhas : RHP Paco Vélez
Batting: LHB Mark McClear 0-0: Called Strike
0-1: Called Strike
0-2: Ball
1-2: Ball
2-2: Ball
3-2: Foul Ball, location: 2F
3-2: Base on Balls
Pinch Hitting: LHB Juan Rodríguez 0-0: Called Strike
0-1: Called Strike
0-2: Strikes out swinging
Batting: RHB Kumanosuke Abe 0-0: Called Strike
0-1: Ball
1-1: Foul Ball, location: 2F
1-2: Grounds into double play, 5-4-3 (Groundball, 5L)
Bottom of the 8th over - 0 run(s), 0 hit(s), 0 error(s), 0 left on base; Panama City 3 - Houston 2
TOP OF THE 9TH
Panama City Piranhas batting - Pitching for Houston 1837 BBC : RHP Francisco Valdés
Pitching: RHP Travis Hall
Now in LF: Juan Rodríguez
Batting: LHB Ye Der 0-0: Ball
1-0: Ball
2-0: SINGLE (Popup, 6MD)
Batting: RHB Jeff Bass 0-0: Fly out, F7 (Flyball, 7D)
Batting: RHB Brad Perry 0-0: Swinging Strike
0-1: Ball
1-1: Called Strike
1-2: Reached on error, E6 (Groundball, 6)
Ye Der to second
Batting: SHB Marc Talamante 0-0: Ball
1-0: SINGLE (Groundball, 4M)
Ye Der to third
Brad Perry to second
Runner from 3rd tries for Home, SAFE, throw made at trailing runner, SAFE at third!
Batting: LHB Steve Cunningham 0-0: Foul Ball, location: 2F
0-1: Swinging Strike
0-2: Ball
1-2: Ball
2-2: Ball
3-2: Fly out, F3 (Line Drive, 34)
Batting: LHB Francisco Sánchez 0-0: Called Strike
0-1: Fly out, F6 (Line Drive, 56)
Top of the 9th over - 1 run(s), 2 hit(s), 1 error(s), 2 left on base; Panama City 4 - Houston 2
BOTTOM OF THE 9TH
Houston 1837 BBC batting - Pitching for Panama City Piranhas : RHP Paco Vélez
Pitching: RHP Juan Pérez
Batting: LHB Chris Rice 0-0: Ball
1-0: Ball
2-0: Ball
3-0: Ground out 4-3 (Groundball, 34)
Batting: RHB Bob Dickerson 0-0: Called Strike
0-1: Ball
1-1: Swinging Strike
1-2: DOUBLE (Flyball, 78D)
Pinch Hitting: LHB Mike Hanson 0-0: Called Strike
0-1: Ball
1-1: Ball
2-1: Foul Ball, location: 2F
2-2: Strikes out swinging
Batting: LHB José Marín 0-0: Ball
1-0: Ball
2-0: Ball
3-0: Called Strike
3-1: Called Strike
3-2: Fly out, F9 (Flyball, 9M)
Bottom of the 9th over - 0 run(s), 1 hit(s), 0 error(s), 1 left on base; Panama City 4 - Houston 2
This league is powered by Out of the Park Baseball, the baseball management simulation game for PC, Mac and Linux
Friday, April 15th, 2016 - OOTP Baseball 16.9 Build 39